 Dungeon Crawl Stone Soup version 0.28.0-45-g0d030f2227 (webtiles) character file.

Game seed: 18031041488363316504

501 Ablot the Grasshopper (level 7, -2/54 (56) HPs)
             Began as a Gnoll Warper on Apr 4, 2022.
             Was an Initiate of Okawaru.
             Slain by a wight
             ... wielding a +0 long sword
              (7 damage)
             ... on level 4 of the Dungeon.
             The game lasted 00:04:16 (3707 turns).

Ablot the Grasshopper (Gnoll Warper)                Turns: 3707, Time: 00:04:16

HP:   -2/54 (56)    AC:  4    Str: 12    XL:     7   Next: 17%
MP:   14/15         EV: 13    Int: 13    God:    Okawaru [......]
Gold: 59            SH:  0    Dex: 11    Spells: 15/17 levels left

rFire   . . .      SeeInvis .   a - +2 trident (venom)
rCold   + . .      Faith    .   x - orb {light}
rNeg    . . .      Spirit   .   b - +0 leather armour
rPois   .          Reflect  .   z - +0 helmet
rElec   .          Harm     .   (no cloak)
rCorr   .          Rampage  .   (no gloves)
Will    .....                   (no boots)
Stlth   +.........              (no amulet)
HPRegen 0.18/turn               p - ring of protection from cold
MPRegen 0.14/turn               (no ring)

@: glowing, lightly drained
A: fangs 1, strong nose, distributed training
a: Renounce Religion


You were on level 4 of the Dungeon.
You worshipped Okawaru.
Okawaru was noncommittal.
You visited 1 branch of the dungeon, and saw 4 of its levels.

You collected 59 gold pieces.

Inventory:

Hand Weapons
 a - a +2 trident of venom (weapon)
Missiles
 d - 5 boomerangs of dispersal
 j - 54 stones
 m - 17 sling bullets
 n - 14 bolts
 q - 19 arrows
 r - 3 boomerangs (quivered)
Armour
 b - a +0 leather armour (worn)
 x - an orb of light (worn)
 z - a +0 helmet (worn)
Jewellery
 p - a ring of protection from cold (left hand)
 s - a ring of protection from fire
Wands
 t - a wand of charming (11)
Scrolls
 c - a scroll of blinking
 e - a scroll of immolation {unknown}
 h - 5 scrolls of identify {unknown}
 i - a scroll of enchant weapon {unknown}
 k - a scroll of fog {unknown}
 v - a scroll of torment {unknown}
 w - a scroll of noise {unknown}
 y - a scroll of amnesia {unknown}
Potions
 f - a potion of heal wounds {unknown}
 g - 2 potions of brilliance {unknown}
 l - 2 potions of resistance {unknown}
 o - a potion of curing {unknown}
 u - a potion of lignification {unknown}


   Skills:
 + Level 5.1 Fighting
 + Level 2.3 Short Blades
 + Level 2.3 Long Blades
 + Level 2.3 Axes
 + Level 2.3 Maces & Flails
 + Level 5.1 Polearms
 + Level 2.3 Staves
 + Level 2.3 Slings
 + Level 2.3 Bows
 + Level 2.3 Crossbows
 + Level 3.5 Throwing
 + Level 3.5 Armour
 + Level 5.1 Dodging
 + Level 2.3 Stealth
 + Level 2.3 Shields
 + Level 2.3 Unarmed Combat
 + Level 5.5 Spellcasting
 + Level 1.9 Conjurations
 + Level 1.9 Hexes
 + Level 1.9 Summonings
 + Level 1.9 Necromancy
 + Level 5.8 Translocations
 + Level 1.9 Transmutations
 + Level 1.9 Fire Magic
 + Level 1.9 Ice Magic
 + Level 1.9 Air Magic
 + Level 1.9 Earth Magic
 + Level 1.9 Poison Magic
 + Level 2.5 Invocations
 + Level 2.3 Evocations


You had 15 spell levels left.
You knew the following spells:

 Your Spells              Type           Power      Damage    Failure   Level
a - Blink                 Tloc           36%        N/A       3%          2

Your spell library contained the following spells:

 Spells                   Type           Power      Damage    Failure   Level
 Gell's Gravitas          Tloc           18%        N/A       6%          3
 Lesser Beckoning         Tloc           18%        N/A       6%          3
 Teleport Other           Tloc           18%        N/A       6%          3
 Static Discharge         Conj/Air       8%         N/A       16%         2
 Passage of Golubria      Tloc           18%        N/A       21%         4
 Manifold Assault         Tloc           18%        N/A       50%         5
 Dispel Undead            Necr           8%         3d8       71%         4
 Sticky Flame             Conj/Fire      8%         2d3       71%         4
 Yara's Violent Unravell  Hex/Tmut       4%         3d4       96%         5
 Tukima's Dance           Hex            Unusable   N/A       N/A         3

Dungeon Overview and Level Annotations

Branches:
Dungeon (4/15)
 Temple: D:4-7

Altars:
Hepliaklqana
Nemelex Xobeh
Okawaru


Innate Abilities, Weirdness & Mutations

You have very sharp teeth.
Your uncanny sense of smell can sniff out nearby items.
Your experience applies equally to all skills.


Message History

You feel drained.
Reach: a) +2 trident (venom)
Press: ? - help, Dir - move target, f/p - wight
Aim: a wight, wielding a +0 spear and wearing a +0 robe (almost destroyed, haloed, about 21% to evade your +2 trident of venom)
You reach to attack!
You puncture the wight!
You destroy the wight!
Okawaru accepts your kill.
Your life force feels restored.
Reach: a) +2 trident (venom)
Press: ? - help, Dir - move target, f - wight
Aim: a wight, wielding a +6 dagger and wearing a +0 robe (haloed, about 21% to evade your +2 trident of venom)
You reach to attack!
You hit the wight.
The wight is moderately damaged.
The wight closely misses you.
Reach: a) +2 trident (venom)
Press: ? - help, Dir - move target, f/p - wight
Aim: a wight, wielding a +6 dagger and wearing a +0 robe (moderately damaged, haloed, about 21% to evade your +2 trident of venom)
You hit the wight.
The wight is heavily damaged.
The wight hits you with a +6 dagger!
* * * LOW HITPOINT WARNING * * *
You feel drained.
* * * LOW HITPOINT WARNING * * *
Casting: Blink (safe; 3% risk of failure)
Confirm with . or Enter, or press ? or * to list all spells.
Okay, then.
Casting: Blink (safe; 3% risk of failure)
Confirm with . or Enter, or press ? or * to list all spells.
You blink.
You feel stable enough to blink again.
Reach: a) +2 trident (venom)
Press: ? - help, Dir - move target, f/p - wight
Aim: a wight, wielding a +6 dagger and wearing a +0 robe (heavily damaged, haloed, about 21% to evade your +2 trident of venom)
You hit the wight but do no damage. Your bite misses the wight.
The wight is heavily damaged.
The wight misses you.
A wight comes into view. It is wielding a +0 long sword.
Items here: )) [[.
The wight hits you with a +0 long sword!
You die...

#..........#)## # ###
########...)## .<#
#.#..# #.# ###
#.#..## #.# ..#
#.#...## # ... #.#
#...#..### #.# #.#
#.#....... #.#
#####z# #......###
..# #...@.# ###...##
... #.###.# #...# #z#
#..[####
#.###)########.......
∆
#.....#...........###
###...............# #
##.##...........###
#. ########....... #.
#...####


You could see 2 wights.

Vanquished Creatures
  A centaur (D:2)
  2 bullfrogs
  2 wights (D:4)
  A jelly (D:4)
  A hound skeleton (D:4)
  6 adders
  A gnoll (D:1)
  4 worms
  4 dart slugs
  11 orcs
  6 ball pythons
  7 bats
  6 endoplasms
  3 giant cockroaches (D:2)
  4 hobgoblins
  5 kobolds
  5 quokkas
  2 frilled lizards (D:2)
  8 goblins
  A quokka skeleton (D:4)
  5 rats
85 creatures vanquished.

Notes
Turn   | Place    | Note
-------+----------+-------------------------------------------
     0 | D:1      | Ablot the Gnoll Warper began the quest for the Orb.
     0 | D:1      | Reached XP level 1. HP: 20/20 MP: 6/6
   156 | D:1      | Reached XP level 2. HP: 26/26 MP: 7/7
   159 | D:1      | Learned a level 2 spell: Blink
   512 | D:1      | Reached XP level 3. HP: 30/31 MP: 9/9
   522 | D:1      | Reached skill level 5 in Spellcasting
   724 | D:1      | Reached skill level 1 in Invocations
  1199 | D:2      | Reached skill level 1 in Short Blades
  1199 | D:2      | Reached skill level 1 in Long Blades
  1199 | D:2      | Reached skill level 1 in Axes
  1199 | D:2      | Reached skill level 1 in Maces & Flails
  1199 | D:2      | Reached skill level 1 in Staves
  1199 | D:2      | Reached skill level 1 in Slings
  1199 | D:2      | Reached skill level 1 in Bows
  1199 | D:2      | Reached skill level 1 in Crossbows
  1199 | D:2      | Reached skill level 1 in Stealth
  1199 | D:2      | Reached skill level 1 in Shields
  1199 | D:2      | Reached skill level 1 in Unarmed Combat
  1199 | D:2      | Reached skill level 1 in Evocations
  1348 | D:2      | Reached XP level 4. HP: 38/38 MP: 11/11
  1499 | D:2      | Found a faded altar of an unknown god.
  1983 | D:3      | Found a sparkling altar of Nemelex Xobeh.
  1985 | D:3      | Noticed a centaur
  1988 | D:2      | Reached skill level 1 in Conjurations
  1988 | D:2      | Reached skill level 1 in Hexes
  1988 | D:2      | Reached skill level 1 in Summonings
  1988 | D:2      | Reached skill level 1 in Necromancy
  1988 | D:2      | Reached skill level 1 in Transmutations
  1988 | D:2      | Reached skill level 1 in Fire Magic
  1988 | D:2      | Reached skill level 1 in Ice Magic
  1988 | D:2      | Reached skill level 1 in Air Magic
  1988 | D:2      | Reached skill level 1 in Earth Magic
  1988 | D:2      | Reached skill level 1 in Poison Magic
  2184 | D:2      | Killed a centaur
  2185 | D:2      | Reached XP level 5. HP: 18/43 MP: 12/12
  2378 | D:2      | Reached XP level 6. HP: 37/50 MP: 13/13
  2649 | D:3      | Found an iron altar of Okawaru.
  2656 | D:3      | Became a worshipper of Warmaster Okawaru
  2726 | D:3      | Reached skill level 5 in Fighting
  2726 | D:3      | Reached skill level 5 in Polearms
  2726 | D:3      | Reached skill level 5 in Dodging
  2827 | D:3      | Found a hazy altar of Hepliaklqana.
  3674 | D:4      | Reached XP level 7. HP: 39/56 MP: 15/15
  3687 | D:4      | HP: 1/54 [wight/+6 dagger (6)]
  3707 | D:4      | Slain by a wight

Illustrated notes

Levels and vault maps discovered:
D:1:      saegor_arrival_simple_c, layout_basic
D:2:      layout_loops_corners, chequers_ecumenical_altar_simple,
          grunt_ministairs_8, minmay_split_cup_large
D:3:      layout_rooms, nicolae_hepliaklqana_hazy_memory,
          overflow_temple_1_default, lemuel_round_altar
D:4:      layout_loops_cross, serial_shops, shop,
          nicolae_shop_overcharged_wands, uniq_ijyb, uniq_robin

Skill      XL: |  1  2  3  4  5  6 |
---------------+-------------------+-----
Spellcasting   | 5 |  5.5
Invocations    | 1 2 |  2.5
Short Blades   | 1 2 |  2.3
Long Blades    | 1 2 |  2.3
Axes           | 1 2 |  2.3
Maces & Flails | 1 2 |  2.3
Staves         | 1 2 |  2.3
Slings         | 1 2 |  2.3
Bows           | 1 2 |  2.3
Crossbows      | 1 2 |  2.3
Stealth        | 1 2 |  2.3
Shields        | 1 2 |  2.3
Unarmed Combat | 1 2 |  2.3
Evocations     | 1 2 |  2.3
Conjurations   | 1 |  1.9
Hexes          | 1 |  1.9
Summonings     | 1 |  1.9
Necromancy     | 1 |  1.9
Transmutations | 1 |  1.9
Fire Magic     | 1 |  1.9
Ice Magic      | 1 |  1.9
Air Magic      | 1 |  1.9
Earth Magic    | 1 |  1.9
Poison Magic   | 1 |  1.9
Throwing       | 3 |  3.5
Armour         | 3 |  3.5
Fighting       | 5 |  5.1
Polearms       | 5 |  5.1
Dodging        | 5 |  5.1
Translocations | |  5.8

Action                   |  1- 3 |  4- 6 |  7- 9 || total
-------------------------+-------+-------+-------++-------
Melee: Spear             |    78 |       |       ||    78
       Bite              |     6 |    13 |       ||    19
       Trident           |    13 |   161 |    15 ||   189
       Punch             |       |     2 |       ||     2
 Cast: Blink             |       |       |     1 ||     1
 Stab: Sleeping          |     2 |     3 |       ||     5
Armor: Leather armour    |    16 |    25 |     1 ||    42
Dodge: Dodged            |    31 |    94 |     7 ||   132
